 Dungeon Crawl Stone Soup version 0.29-a0-362-g5854e031c7 (webtiles) character file.

Game seed: 6986983902478541587

86 ytrimaz the Covert (level 4, -5/31 HPs)
             Began as an Octopode Delver on Apr 29, 2022.
             Slain by a gnoll
             ... wielding a +0 spear
              (10 damage)
             ... on level 4 of the Dungeon.
             The game lasted 00:00:30 (246 turns).

ytrimaz the Covert (Octopode Delver)                 Turns: 246, Time: 00:00:30

Health: -5/31      AC:  1    Str: 11    XL:     4   Next: 49%
Magic:  4/4        EV: 13    Int: 12    God:
Gold:   0          SH:  0    Dex: 15    Spells: 3/3 levels left

rFire   . . .      SeeInvis .   a - +0 short sword
rCold   . . .      Faith    .   (no shield)
rNeg    . . .      Spirit   .   (helmet restricted)
rPois   .          Reflect  .   (no amulet)
rElec   .          Harm     .   (no ring)
rCorr   .          Rampage  .   (no ring)
Will    .....                   (no ring)
Stlth   +++++.....              (no ring)
HPRegen 0.10/turn               (no ring)
MPRegen 0.09/turn               (no ring)
                                (no ring)
                                (no ring)

@: no status effects
A: almost no armour, amphibious, 8 rings, camouflage 1, gelatinous body 1,
(nimble swimmer 1), tentacles
a: no special abilities


You were on level 4 of the Dungeon.
You visited 1 branch of the dungeon, and saw 2 of its levels.

Inventory:

Hand Weapons
 a - a +0 short sword (weapon)
Wands
 f - a wand of digging (3)
Scrolls
 b - a scroll of fog
 c - a scroll of magic mapping
 d - a scroll of fear
Potions
 e - a potion of haste
 g - a potion of might {unknown}


   Skills:
 + Level 3.3 Fighting
 + Level 2.2 Short Blades
 + Level 2.1 Dodging
 + Level 8.5 Stealth


You had 3 spell levels left.
You didn't know any spells.
Your spell library was empty.

Dungeon Overview and Level Annotations

Branches:
Dungeon (5/15)
 Temple: D:4-7

Altars:


Innate Abilities, Weirdness & Mutations

You cannot wear most types of armour.
You are amphibious.
You can wear up to eight rings at the same time.
Your skin changes colour to match your surroundings (Stealth+).
Your rubbery body absorbs attacks. (AC +1, EV +1)
((You are camouflaged when in or above water. (Stealth+)))
You have tentacles for arms and can constrict up to eight enemies at once.


Message History

You have reached level 4!
An adder comes into view.
An adder is nearby!
An adder is nearby!
Unknown command.
The helpless adder fails to defend itself.
You impale the adder!!
You kill the adder!
There is a stone staircase leading up here.
You climb upwards.
There is a stone staircase leading down here.
A gnoll comes into view.
It is wielding a +3 whip of electrocution.
The helpless gnoll fails to defend itself.
You impale the gnoll!!
You kill the gnoll!
A gnoll comes into view. It is wielding a +0 halberd.
You see here a +0 halberd.
The gnoll shouts! x3
An endoplasm comes into view.
The gnoll hits you with a +0 spear.
The endoplasm quivers.
You closely miss the gnoll. You grab the gnoll. You constrict the gnoll.
The gnoll closely misses you. The gnoll misses you.
Unknown command.
You release your grip on the gnoll.
The gnoll attacks as you move away!
The gnoll misses you. x2; The gnoll barely misses you.
The gnoll misses you.
You see here a +0 halberd.
The gnoll attacks as you move away! The gnoll barely misses you.
You barely miss the gnoll. You grab the gnoll.
You constrict the gnoll, but do no damage.
The gnoll hits you with a +3 whip of electrocution!
You are electrocuted!
* * * LOW HITPOINT WARNING * * *
The gnoll barely misses you.
You hit the gnoll.
The gnoll is lightly wounded.
You constrict the gnoll, but do no damage.
The gnoll closely misses you.
The gnoll hits you from afar with a +0 spear!
You die...

#. ##..... #.
....... #.
....... ..
##.#.....
...##....#.#
...........###.
..J...gg.......
...####g####..#
#@#....# #>..#
#..## ####


You could see 3 gnolls.

Vanquished Creatures
  A hound (D:5)
  5 gnolls
  An adder (D:5)
7 creatures vanquished.

Notes
Turn   | Place    | Note
-------+----------+-------------------------------------------
     0 | D:5      | ytrimaz the Octopode Delver began the quest for the Orb.
     0 | D:5      | Reached XP level 1. HP: 16/16 MP: 1/1
    79 | D:5      | Reached skill level 7 in Stealth
    79 | D:5      | Reached XP level 2. HP: 21/21 MP: 2/2
    83 | D:5      | Reached XP level 3. HP: 26/26 MP: 3/3
   225 | D:5      | Reached skill level 8 in Stealth
   225 | D:5      | Reached XP level 4. HP: 31/31 MP: 4/4
   246 | D:4      | Slain by a gnoll

Illustrated notes

Levels and vault maps discovered:
D:4:      layout_rooms, amcnicky_altar_gilded, grunt_decor_cap, uniq_duvessa
D:5:      layout_basic, amethyst_overflow_temple_binary,
          cheibrodos_sewer_entry_bend

Skill      XL: |  1  2  3 |
---------------+----------+-----
Stealth        | 7 8 |  8.5
Fighting       | |  3.3
Short Blades   | |  2.2
Dodging        | |  2.1

Action                   |  1- 3 |  4- 6 || total
-------------------------+-------+-------++-------
Melee: Short sword       |     7 |     5 ||    12
       Constrict         |     2 |     2 ||     4
 Stab: Sleeping          |     4 |     2 ||     6
Dodge: Dodged            |     1 |     9 ||    10

Table legend: (Time is in decaauts)
 A = Elapsed time spent in this place.
 B = Non-inter-level travel time spent in this place.
 C = Inter-level travel time spent in this place.
 D = Time resting spent in this place.
 E = Time spent auto-exploring this place.
 F = Levels seen in this place.
 G = Mean time per level.
                   A        B        C        D        E       F      G
               +--------+--------+--------+--------+--------+-----+--------+
         Total |    245 |    245 |      0 |      0 |    184 |   2 |  122.5 |
       Dungeon |    245 |    245 |      0 |      0 |    184 |   2 |  122.5 |
               +--------+--------+--------+--------+--------+-----+--------+

Top non-repeatable levels by time:
     D:5: 237 daAuts
     D:4: 8 daAuts
